Unix NetHack Version 5.0.0-0 post-release - last build Jul 19 2026 19:10:59 (3aa4ab31751d3886436d94b585a96704892fd477,branch:main).

Game began 2026-07-20 16:33:44, ended 2026-07-21 21:54:42.

Jinnora, lawful female human Samurai

                              --------------------
                              |.....|...|......).|
                              |.....|.-.|..-....[|
                              |..../|.``|.....|!.|
                              |.=<..|.-.|..-..|.-|
                              |.....|....`..--...|
                              |.....|-...-...|...|
                              |@....|--...|..|...|
                              |q-----------..|..-|
                              |...........^......|
                              ------------->.|...|
                                          --------

Jinnora the Joshu      St:18 Dx:16 Co:17 In:12 Wi:8 Ch:6  Lawful
Dlvl:6  $:1783 HP:0(117) Pw:3(15) AC:10 Xp:10/5617 T:13495  Burdened

Latest messages:
 You kill the incubus!
 You hit the energy vortex!
 You are jolted with electricity!
 The energy vortex engulfs you!
 The air around you crackles with electricity.
 You feel your magical energy drain away!
 You hit the energy vortex.
 You are jolted with electricity!
 The air around you crackles with electricity.
 You feel your magical energy drain away!
 The air around you crackles with electricity.
 You feel your magical energy drain away!
 What do you want to drink? [ikoDQUVZ or ?*] ?
 You feel much better.
 The air around you crackles with electricity.
 The air around you crackles with electricity.
 You feel your magical energy drain away!
 You get expelled!
 The energy vortex misses!
 You hit the energy vortex!
 You are jolted with electricity!
 The energy vortex engulfs you!
 You feel your magical energy drain away!
 You get expelled!
 The energy vortex touches you!
 You get zapped!
 The energy vortex misses!
 You destroy the energy vortex!
 You have a little trouble lifting $ - 880 gold pieces (1783 in total).
 There is a plains centaur corpse here; eat it? [ynq] (n) y
 This plains centaur corpse is gamey.
 You stop eating the plains centaur corpse.
 What do you want to use or apply? [agjlmr-tvwzGJL-PR-TW or ?*] a
 Where do you want to hit?
 (For instructions type a '?')
 Shkinng!
 Snickersnee hits the mumak!
 The mumak butts!
 The mumak bites!
 Are you sure you want to pray? [yn] (n) y
 You begin praying to Amaterasu Omikami.
 You are surrounded by a shimmering light.
 The mumak starts to attack you, but pulls back.
 The mumak starts to attack you, but pulls back.
 The mumak starts to attack you, but pulls back.
 You finish your prayer.
 You feel that Amaterasu Omikami is well-pleased.
 The mumak butts!
 You die...
 Do you want your possessions identified? [ynq] (y) q

Inventory:
 Coins    ('$')
  $ - 1783 gold pieces
 Weapons  (')')
  d - 39 uncursed +0 ya
  c - an uncursed +0 yumi
  X - 10 uncursed +0 darts
  F - an uncursed +0 wakizashi (alternate weapon; not wielded)
  a - the uncursed rustproof +0 Snickersnee (weapon in right hand)
 Armor    ('[')
  n - a blessed +0 orcish helm
  Y - a cursed -1 pair of gauntlets of fumbling
  y - an uncursed burnt +0 pair of elven boots
  b - an uncursed +3 cloak of magic resistance
  A - an uncursed +0 elven mithril-coat
 Comestibles  ('%')
  f - 3 uncursed fortune cookies
  E - 3 uncursed gunyoki
  H - an uncursed tripe ration
  C - an uncursed lizard corpse
 Scrolls  ('?')
  q - a cursed scroll of confuse monster
  x - 2 uncursed scrolls of earth
  e - 4 uncursed scrolls of enchant armor
  p - a blessed scroll of genocide
  K - 2 uncursed scrolls of gold detection
  B - an uncursed scroll of remove curse
  u - 2 cursed scrolls of teleportation
 Spellbooks  ('+')
  L - an uncursed spellbook of remove curse
 Potions  ('!')
  k - an uncursed potion of confusion
  D - an uncursed potion of gain energy
  i - 3 blessed potions of healing
  V - 8 uncursed potions of healing
  U - 5 cursed potions of healing
  Q - a cursed potion of object detection
  Z - 3 uncursed potions of speed
 Rings    ('=')
  h - an uncursed ring of free action (on right hand)
  I - an uncursed ring of stealth (on left hand)
 Wands    ('/')
  J - an uncursed wand of cancellation (0:5)
  S - an uncursed wand of digging (0:6)
  W - an uncursed wand of digging (0:6)
  s - an uncursed wand of digging (0:4)
  O - an uncursed wand of light (0:11)
  P - a blessed wand of magic missile (0:7)
  r - an uncursed wand of magic missile (0:6)
  t - an uncursed wand of magic missile (0:2)
  w - an uncursed wand of slow monster (0:4)
  M - a blessed wand of striking (0:7)
  v - an uncursed wand of striking (0:8)
  l - an uncursed wand of striking (0:4)
  R - an uncursed wand of striking (0:4)
 Tools    ('(')
  T - an uncursed brass lantern
  N - an uncursed osaku
  m - an uncursed stethoscope
  g - an uncursed tin whistle
  j - an uncursed towel
  z - an uncursed +0 unicorn horn
  G - an uncursed +0 unicorn horn

Jinnora the Samurai's attributes:

Background:
 You were a Joshu, a level 10 female human Samurai.
 You were lawful, on a mission for Amaterasu Omikami
 who was opposed by Raijin (neutral) and Susanowo (chaotic).
 You were right-handed.
 You were in Sokoban, on level 6.
 You entered the dungeon 13495 turns ago.
 You had 5617 experience points, 4383 more were needed to attain level 11.

Basics:
 You had 0 out of 117 hit points.
 You had 3 out of 15 energy points (spell power).
 Your armor class was 10.
 Your wallet contained 1783 zorkmids.
 Autopickup was off.

Final Characteristics:
 Your strength was 18 (limit:18/100).
 Your dexterity was 16 (limit:18).
 Your constitution was 17 (peak:18, limit:18).
 Your intelligence was 12 (limit:18).
 Your wisdom was 8 (limit:18).
 Your charisma was 6 (limit:18).

Final Status:
 You weren't hungry.
 You were burdened; movement was slightly slowed.
 You were wielding a long sword.
 You had expert skill with long sword.
 You weren't wearing any armor.

Final Attributes:
 You were piously aligned.
 You were telepathic.
 You were stealthy.
 You were fast.
 You had free action.
 You are dead.

Miscellaneous:
 You encountered 1 bones level.
 Total elapsed playing time was 2 hours, 21 minutes and 50 seconds.

Major events:
 Turn
    1: Jinnora the lawful female human Samurai entered the dungeon
 1104: attained the rank of Ronin (level 3)
 1122: read a Discworld novel
 1264: entered the Gnomish Mines
 4345: attained the rank of Kunoichi (level 6)
 5163: reached Mine Town
 6471: was bestowed with Snickersnee by Amaterasu Omikami
 9380: entered Sokoban
12693: completed 1st Sokoban level
13043: completed 2nd Sokoban level
13066: attained the rank of Joshu (level 10)
13433: completed 3rd Sokoban level
13495: killed by a mumak

You didn't know any spells.

Skills:
 Fighting Skills
   martial arts      [Basic]
   two weapon combat [Unskilled]
   riding            [Unskilled]
 Weapon Skills
   dagger            [Unskilled]
   knife             [Unskilled]
   short sword       [Basic]
   broadsword        [Unskilled]
   long sword        [Expert]
   two-handed sword  [Unskilled]
   saber             [Unskilled]
   flail             [Unskilled]
   quarterstaff      [Unskilled]
   polearms          [Unskilled]
   spear             [Unskilled]
   lance             [Unskilled]
   bow               [Basic]
   shuriken          [Unskilled]
 Spellcasting Skills
   attack spells     [Unskilled]
   divination spells [Unskilled]
   clerical spells   [Unskilled]

Voluntary challenges:
 Character rerolling was not enabled.
 You never genocided any monsters.
 You never polymorphed an object.
 You never changed form.
 You used no wishes.
 You did not violate any of the special Sokoban rules.
Achievements:
 You entered a shop.
 You attained the rank of Ronin.
 You read from a Discworld novel.
 You entered the Gnomish Mines.
 You attained the rank of Kunoichi.
 You entered Minetown.
 You entered a temple.
 You entered Sokoban.
 You attained the rank of Joshu.

 The Dungeons of Doom: levels 1 to 14
    Level 1:
    Level 2:
       A scroll shop, a fountain.
    Level 3:
       A potion shop, an altar to Amaterasu Omikami, a fountain, a grave.
       Stairs down to The Gnomish Mines.
    Level 4:
       A general store, a fountain.
    Level 5:
       A fountain.
    Level 6:
       A general store.
       Final resting place for
          IanCurtis-Wiz-Elf-Mal-Cha, killed by a giant ant.
    Level 7:
    Level 8:
       Many fountains.
       Oracle of Delphi.
    Level 9:
       An armor shop, a fountain.
       Stairs up to Sokoban, level 8.
    Level 10:
       An altar, a fountain.
    Level 11:
       A temple and some altars, some fountains.
    Level 12:
       An armor shop.
    Level 13:
       A throne, a fountain.
    Level 14:
       Summoned by Lord Sato.
 The Gnomish Mines: levels 4 to 7
    Level 4:
    Level 5:
    Level 6:
       Many shops, a temple and an altar, some fountains, some trees.
    Level 7:
 Sokoban: levels 8 up to 6
    Level 6: <- You were here.
       Solved.
       Final resting place for
          you, killed by a mumak.
    Level 7:
       Solved.
    Level 8:
       Solved.


Vanquished creatures:
  a ghost
  a giant mimic
  2 rock trolls
  2 wumpuses
  4 small mimics
  a xan
 an ettin mummy
  a quantum mechanic
  a pyrolisk
  a tiger
 an ochre jelly
 an energy vortex
  a red naga
  a cobra
  a wraith
  a carnivorous ape
  a leather golem
  a watchman
  2 amorous demons
  a crocodile
  2 giant beetles
  a quivering blob
  2 cockatrices
  2 wolves
  2 winter wolf cubs
  2 leprechauns
  a horse
  5 gnome rulers
 an orc mummy
 an owlbear
 10 lizards
  3 dogs
  3 housecats
  a white unicorn
  a black unicorn
  a dust vortex
  2 plains centaurs
  a gnome mummy
 an ape
  5 human zombies
  5 Woodland-elves
  5 fire ants
  4 bugbears
 an imp
  2 wood nymphs
  a water nymph
  2 mountain nymphs
  3 Mordor orcs
 17 Uruk-hai
  6 rock piercers
  3 rock moles
  a pony
  2 fog clouds
  2 yellow lights
  a shrieker
  a violet fungus
  9 gnome leaders
  a gnomish wizard
  3 gray oozes
  2 elf zombies
  a straw golem
  3 paper golems
 10 giant ants
  2 little dogs
  2 floating eyes
  a kitten
  7 dwarves
  a homunculus
  3 kobold leaders
  a kobold shaman
  6 hill orcs
 11 rothes
  3 centipedes
  5 dwarf zombies
  4 wererats
  4 iguanas
  3 killer bees
  9 acid blobs
  2 coyotes
  a gas spore
  3 hobbits
  3 manes
  3 large kobolds
  8 hobgoblins
  2 giant rats
  3 cave spiders
  2 brown molds
  3 yellow molds
  3 green molds
  3 red molds
 37 gnomes
  9 geckos
  9 jackals
  3 foxes
  a kobold
  8 goblins
  2 sewer rats
  6 grid bugs
  a bat
  6 lichens
  2 kobold zombies
  6 newts
346 creatures vanquished.

No species were genocided or became extinct.

Game over:
                       ----------
                      /          \
                     /    REST    \
                    /      IN      \
                   /     PEACE      \
                  /                  \
                  |     Jinnora      |
                  |     1783 Au      |
                  |   killed by a    |
                  |      mumak       |
                  |                  |
                  |                  |
                  |       2026       |
                 *|     *  *  *      | *
        _________)/\\_//(\/(/\)/\//\/|_)_______

Sayonara Jinnora the Samurai...

You died in Sokoban on dungeon level 6 with 24753 points,
and 1783 pieces of gold, after 13495 moves.
You were level 10 with a maximum of 117 hit points when you died.

